AoeStats
← roman_wielki

Arabia

506645734Analyzed
3v3 RM · 16d ago on Sep 14, 2026· 52m 17s· 6 players
Game mode
Random Map
Map size
Normal (6 player)
Population
200
Speed
Normal
Resources
Standard
Victory
Conquest
Starting age
Dark Age
Ending age
Imperial Age
RankedLock teamsTeams togetherTeam positionsShared explorationLock speedFull tech treeHidden civsTurbo modeCheats
Victory
Defeat
🇬🇧 Dravidians · United Kingdom
708
+13
🇹🇷 Goths · Türkiye
522
+21
🇹🇷 Burgundians · Türkiye
507
+21
🇷🇺 Malians · Russia
701
-21
🇺🇸 Portuguese · United States
601
-17
🇵🇱 Spanish · Poland
592
-17
IBekson
3:36 Loom
12:17 Feudal Age
12:50 Double-Bit Axe
19:21 Gold Mining
19:29 Stone Mining
22:39 Wheelbarrow
22:26 Fletching
22:37 Padded Archer Armor
24:44 Castle Age
26:37 Pikeman
27:46 Caravan
28:42 Forging
28:33 Scale Mail Armor
34:37 Imperial Age
33:25 Arson
33:44 Bodkin Arrow
34:05 Leather Archer Armor
37:18 Halberdier
38:41 Chain Mail Armor
40:23 Chemistry
39:08 Treadmill Crane
39:18 Horse Collar
40:55 Iron Casting
43:00 Hand Cart
43:50 Bombard Tower
43:14 Elite Skirmisher
44:25 Conscription
45:33 Fortified Wall
49:25 Masonry
roman_wielki
12:43 Feudal Age
17:30 Double-Bit Axe
23:32 Castle Age
21:46 Man-at-Arms
24:14 Stone Mining
23:47 Long Swordsman
27:10 Caravan
29:23 Gold Mining
31:16 Pikeman
35:58 Imperial Age
35:52 Squires
36:10 Two-Handed Swordsman
Vampir2014
0:43 Loom
12:49 Feudal Age
13:15 Double-Bit Axe
13:14 Horse Collar
14:11 Wheelbarrow
14:28 Stone Mining
17:13 Gold Mining
19:24 Fletching
19:59 Scale Mail Armor
24:31 Castle Age
22:37 Padded Archer Armor
24:54 Forging
26:15 Bow Saw
26:08 Heavy Plow
26:27 Hand Cart
27:29 Stone Shaft Mining
27:29 Fervor
28:52 Gold Shaft Mining
29:17 Murder Holes
29:27 Arson
29:43 Squires
37:11 Imperial Age
35:19 Tigui
36:03 Sanctity
36:06 Ballistics
35:27 Treadmill Crane
35:58 Masonry
37:33 Town Watch
37:47 Bodkin Arrow
38:28 Iron Casting
38:33 Conscription
41:33 Chemistry
41:05 Architecture
42:02 Crop Rotation
41:50 Chain Mail Armor
43:06 Elite Gbeto
44:22 Hoardings
43:57 Pikeman
45:54 Town Patrol
47:15 Heavy Camel Rider
47:55 Husbandry
48:05 Bloodlines
48:00 Onager
49:15 Scale Barding Armor
52:26 Chain Barding Armor
52:37 Plate Mail Armor
52:22 Leather Archer Armor
Ejderya
11:10 Feudal Age
11:43 Double-Bit Axe
14:45 Loom
17:37 Castle Age
16:56 Man-at-Arms
19:21 Squires
20:02 Gold Mining
21:35 Wheelbarrow
21:54 Stone Mining
22:28 Horse Collar
24:26 Hand Cart
25:40 Forging
25:30 Scale Mail Armor
28:53 Caravan
29:30 Heavy Plow
29:44 Bow Saw
31:16 Anarchy
36:18 Imperial Age
36:26 Iron Casting
36:06 Chain Mail Armor
36:47 Stone Shaft Mining
37:14 Perfusion
37:30 Town Watch
39:45 Blast Furnace
39:29 Elite Huskarl
40:33 Conscription
42:10 Fervor
42:25 Sanctity
41:44 Capped Ram
45:27 Pikeman
47:53 Halberdier
TheBunjiMunji
3:53 Loom
12:29 Feudal Age
18:47 Castle Age
17:25 Horse Collar
17:32 Double-Bit Axe
26:44 Fletching
26:54 Padded Archer Armor
28:37 Bow Saw
31:59 Thumb Ring
33:29 Caravan
33:48 Bodkin Arrow
34:08 Leather Archer Armor
34:33 Wheelbarrow
34:00 Heavy Plow
35:11 Gold Mining
35:11 Stone Mining
35:50 Ballistics
35:41 Fortified Wall
35:43 Masonry
39:30 Imperial Age
39:04 Husbandry
39:22 Medical Corps
40:36 Bracer
40:50 Medical Corps
42:14 Chemistry
40:38 Elite Elephant Archer
42:17 Conscription
mhaliddur
10:31 Double-Bit Axe
10:33 Horse Collar
10:53 Gold Mining
13:44 Feudal Age
13:24 Loom
14:31 Heavy Plow
14:43 Bow Saw
25:30 Gold Shaft Mining
26:49 Padded Archer Armor
31:20 Stone Mining
31:33 Fletching
36:27 Castle Age
35:47 Stone Shaft Mining
36:58 Cavalier
42:23 Husbandry
43:30 Wheelbarrow
47:11 Two-Man Saw
Connection lost

Rejoining the realm…

Still unreachable

The connection could not be restored.

Session expired

The server has moved on; the page needs a fresh start.